Map: Curious Minds LE

Players

ByuN - Winner!

  • Race: Terran Terran

MaxPax

  • Race: Protoss Protoss

VOD

Have the link to the VOD?

Description

Time

  • Played on: Oct. 22, 2021, 8:07 a.m.
  • Length: 12:16
Show
View Real Time Build Order
Export as new Build Order

ByuN Terran - Winner!

Build Orders: Cyclone Opening 

Get SALT Encoding   

  12  0:00  SCV  
  13  0:12  SCV  
  14  0:17  Supply Depot  
  14  0:24  SCV  
  14  0:28  Refinery  
  15  0:39  SCV  
  16  0:44  Barracks  
  16  0:52  SCV  
  17  1:02  Engineering Bay  
  17  1:07  SCV  
  18  1:19  SCV  
  19  1:36  Marine, Orbital Command  
  20  1:42  Factory  
  20  1:50  Supply Depot  
  20  1:54  Barracks Reactor  
  20  2:01  SCV  
  21  2:13  SCV  
  22  2:18  Command Center  
  22  2:25  Factory Tech Lab  
  22  2:26  SCV  
  23  2:30  Marine  
  23  2:31  Marine  
  23  2:36  Supply Depot  
  25  2:38  SCV  
  26  2:45  Cyclone  
  26  2:49  Marine  
  26  2:50  Marine  
  31  2:55  Refinery  
  31  2:58  SCV  
  32  3:07  Marine x2  
  32  3:10  SCV  
  35  3:13  Barracks  
  35  3:22  Siege Tank  
  35  3:23  SCV  
  39  3:30  Marine x2  
  41  3:35  SCV  
  42  3:47  SCV, Orbital Command  
  43  3:49  Marine x2  
  45  3:59  SCV  
  45  4:02  Barracks  
  46  4:05  Factory Tech Lab  
  46  4:07  Supply Depot, Stimpack  
  46  4:13  SCV x2  
  46  4:16  Marine  
  46  4:17  Marine  
  49  4:18  Marine  
  51  4:25  SCV x2  
  51  4:27  Engineering Bay  
  53  4:31  Supply Depot  
  53  4:36  Marine x2  
  53  4:37  SCV x2  
  57  4:39  Marine  
  58  4:49  SCV x2  
  59  4:54  Terran Infantry Weapons Level 1  
  59  4:55  Marine  
  59  4:56  Marine  
  59  4:59  Factory Reactor, Starport  
  61  5:01  SCV x2  
  61  5:02  Marine x2  
  61  5:05  Combat Shield  
  65  5:09  Supply Depot  
  65  5:13  SCV x2  
  67  5:15  Marine  
  67  5:16  Marine, Refinery  
  69  5:25  Supply Depot  
  70  5:30  SCV x2  
  70  5:31  Marauder x2  
  75  5:37  Supply Depot  
  75  5:38  Marine  
  75  5:41  Marine  
  78  5:46  Medivac x2  
  78  5:47  Factory Tech Lab  
  78  5:48  SCV x2  
  83  5:50  Concussive Shells  
  83  5:58  Marauder  
  83  5:59  Marauder  
  83  6:00  SCV x2  
  83  6:02  Marine x2  
  91  6:06  Supply Depot x2  
  91  6:10  Siege Tank  
  93  6:26  Marauder  
  93  6:27  Marine x2  
  93  6:28  Marauder  
  93  6:39  Refinery  
  95  6:45  Siege Tank  
  97  6:47  SCV x2  
  97  6:48  Marauder, Supply Depot  
  97  6:49  Marauder  
  97  6:51  Missile Turret  
  97  6:52  Marine x2  
  105  7:06  Command Center  
  104  7:09  Marauder, Medivac x2  
  104  7:10  Marauder  
  104  7:11  Supply Depot  
  104  7:15  Terran Infantry Armor Level 1  
  113  7:30  Marine x2  
  113  7:32  Siege Tank  
  113  7:37  Marauder  
  118  7:42  Barracks  
  118  7:43  Barracks  
  118  7:48  Marine x2, Marauder  
  120  7:54  Medivac x2  
  120  7:58  Marauder  
  126  8:06  Marine x2  
  126  8:12  Marauder  
  124  8:19  Marauder  
  113  8:23  Siege Tank  
  113  8:24  Marine x2  
  113  8:25  SCV x2  
  118  8:33  Marauder, Medivac x2  
  118  8:34  Barracks Tech Lab  
  124  8:39  Barracks Reactor  
  124  8:40  SCV x2  
  124  8:41  Marauder  
  128  8:46  Orbital Command  
  128  8:51  Marine x2  
  128  8:52  SCV  
  128  8:53  SCV  
  131  9:02  Marauder x3  
  137  9:05  SCV x2  
  137  9:09  Marine x2  
  141  9:10  Refinery  
  141  9:11  Refinery  
  141  9:17  SCV x2  
  143  9:23  Marine x2, Marauder x2  
  143  9:24  Marauder  
  148  9:27  Marine  
  149  9:37  Marine, Sensor Tower  
  149  9:38  Viking, SCV x2  
  154  9:48  Marauder  
  154  9:50  Marine  
  157  9:55  Marine x3  
  157  9:56  Marauder x2, Missile Turret  
  157  9:58  Supply Depot  
  157  9:59  SCV x2  
  162  10:05  SCV  
  160  10:09  Marine, Marauder  
  160  10:11  SCV  
  160  10:12  SCV  
  160  10:13  Marine x2  
  163  10:17  Marauder x2  
  163  10:18  SCV  
  163  10:23  SCV  
  163  10:24  SCV  
  163  10:30  SCV  
  156  10:37  Marine, Marauder  
  156  10:38  Marine x3  
  156  10:41  Viking  
  164  10:46  Supply Depot x2  
  164  10:47  Viking  
  164  10:48  Supply Depot  
  164  10:52  Siege Tank  
  164  10:56  Supply Depot, SCV x3  
  164  11:02  Marauder  
  164  11:03  Marine  
  165  11:05  Marine  
  165  11:08  Marauder x2  
  157  11:23  Marauder  
  137  11:29  Marine x2, Marauder x2  
  138  11:37  Marine x2  
  128  11:45  Marauder  
Show
View Real Time Build Order
Export as new Build Order

MaxPax Protoss 

Build Orders: Blink Stalkers, Colossus Rush 

Get SALT Encoding   

  12  0:00  Probe  
  13  0:12  Probe  
  14  0:18  Pylon  
  14  0:24  Probe (Chrono Boost)  
  15  0:36  Probe (Chrono Boost)  
  15  0:37  Gateway  
  16  0:44  Probe (Chrono Boost)  
  16  0:46  Assimilator  
  17  0:51  Probe  
  18  1:03  Probe  
  19  1:15  Probe  
  20  1:26  Zealot  
  20  1:27  Probe  
  20  1:28  Cybernetics Core  
  23  1:33  Pylon  
  23  1:57  Nexus  
  23  2:03  Stalker (Chrono Boost)  
  25  2:10  Probe  
  25  2:14  Assimilator  
  25  2:15  Warp Gate (Chrono Boost)  
  27  2:22  Probe  
  27  2:26  Stalker (Chrono Boost)  
  29  2:35  Probe  
  30  2:47  Probe  
  31  2:53  Gateway  
  31  2:55  Gateway  
  31  3:08  Probe  
  31  3:09  Twilight Council  
  31  3:10  Probe  
  33  3:20  Probe  
  33  3:22  Probe  
  33  3:25  Pylon  
  35  3:32  Probe  
  36  3:34  Probe  
  36  3:38  Blink (Chrono Boost)  
  37  3:44  Probe  
  37  3:47  Probe  
  39  3:52  Pylon  
  39  3:56  Stalker x2  
  39  3:59  Stalker  
  39  4:00  Probe  
  46  4:10  Robotics Facility, Probe  
  46  4:13  Probe  
  48  4:18  Pylon  
  48  4:22  Probe  
  49  4:25  Probe  
  49  4:27  Assimilator  
  49  4:28  Assimilator  
  50  4:35  Stalker x2  
  50  4:36  Probe  
  55  4:41  Pylon  
  55  4:43  Probe  
  56  4:49  Probe  
  57  4:55  Probe  
  57  4:58  Observer (Chrono Boost)  
  59  5:01  Probe  
  59  5:06  Forge  
  60  5:07  Probe  
  60  5:08  Robotics Bay  
  60  5:13  Probe  
  62  5:18  Pylon  
  62  5:21  Nexus  
  62  5:25  Pylon  
  62  5:26  Probe  
  62  5:27  Probe  
  64  5:39  Protoss Ground Weapons Level 1  
  64  5:41  Probe  
  64  5:42  Sentry, Observer  
  67  5:45  Charge  
  67  5:46  Probe  
  68  5:53  Colossus (Chrono Boost), Probe  
  68  5:54  Observer, Gateway  
  75  6:03  Observer  
  75  6:05  Probe  
  75  6:06  Extended Thermal Lance (Chrono Boost), Probe  
  77  6:15  Gateway  
  77  6:17  Gateway  
  77  6:18  Probe  
  78  6:21  Probe  
  76  6:36  Colossus (Chrono Boost)  
  76  6:37  Zealot x3  
  76  6:38  Probe  
  85  6:40  Shield Battery  
  85  6:42  Probe  
  85  6:45  Probe  
  87  6:50  Probe  
  87  6:51  Shield Battery  
  88  6:54  Probe  
  88  6:55  Sentry, Pylon  
  91  7:06  Sentry, Zealot  
  91  7:08  Shield Battery  
  95  7:11  Stalker x3  
  95  7:13  Probe  
  95  7:15  Probe  
  103  7:25  Zealot  
  105  7:32  Zealot x2  
  105  7:36  Gateway  
  109  7:45  Pylon  
  109  7:46  Pylon  
  107  7:52  Zealot  
  109  8:02  Colossus  
  105  8:07  Stalker x5  
  99  8:13  Zealot  
  99  8:16  Probe  
  88  8:22  Protoss Ground Weapons Level 2 (Chrono Boost)  
  88  8:24  Probe x2  
  90  8:29  Probe (Chrono Boost)  
  90  8:31  Zealot x2  
  90  8:32  Zealot x4  
  103  8:36  Probe (Chrono Boost)  
  103  8:40  Probe (Chrono Boost)  
  103  8:41  Probe (Chrono Boost)  
  106  8:48  Probe (Chrono Boost)  
  107  8:50  Probe (Chrono Boost)  
  107  8:51  Probe (Chrono Boost)  
  107  8:53  Probe (Chrono Boost)  
  108  9:00  Probe, Zealot x4  
  117  9:10  Pylon  
  117  9:12  Probe  
  117  9:21  Pylon  
  117  9:28  Probe x2  
  117  9:29  Probe  
  120  9:32  Warp Prism (Chrono Boost)  
  120  9:34  Pylon  
  122  9:40  Templar Archives  
  122  9:41  Probe, Pylon  
  121  9:46  Zealot  
  121  9:47  Zealot x3  
  129  9:59  Probe  
  118  10:07  Probe  
  118  10:10  Zealot x4  
  118  10:11  Zealot x3  
  133  10:20  Gateway  
  123  10:21  Probe x2  
  123  10:22  Probe  
  124  10:33  Disruptor (Chrono Boost)  
  108  10:37  High Templar  
  108  10:38  High Templar x4  
  108  10:39  Zealot, High Templar  
  125  10:44  Archon x2  
  125  10:45  Archon  
  121  10:55  Pylon  
  121  10:59  Disruptor (Chrono Boost)  
  121  11:03  Zealot  
  120  11:11  Zealot x6  
  104  11:35  Zealot x2  
  104  11:36  Zealot x4  
  104  11:39  Pylon  
  81  11:53  Pylon  
  75  11:56  Gateway  
  75  12:00  Gateway, Zealot x2  
  75  12:01  Zealot x3  
Tags
 
Add a new tag
Caveats
  • Supply blocks, unpowered buildings, or Contaminate may cause inaccurate times.
  • Supply counts are checked every 10 seconds.